Map: Neon Violet Square LE

Players

Nerchio - Winner!

  • Race: Zerg Zerg
  • League: Master
  • Spawn Location: 11:00

DnS

  • Race: Protoss Protoss
  • League: Master
  • Spawn Location: 5:00

VOD

Have the link to the VOD?

Description

Time

  • Played on: Nov. 19, 2017, 11:39 a.m.
  • Length: 18:03
Show
View Real Time Build Order
Export as new Build Order

Nerchio Zerg - Winner!

Build Orders: Hatch First, Lurkers 

Get SALT Encoding   

  12  0:00  Drone  
  13  0:13  Overlord  
  13  0:18  Drone  
  14  0:31  Drone x2  
  14  0:35  Drone  
  17  0:53  Hatchery  
  17  0:56  Drone  
  17  1:00  Drone  
  17  1:03  Extractor  
  17  1:16  Spawning Pool  
  16  1:20  Drone  
  16  1:22  Drone  
  18  1:28  Drone  
  19  1:39  Overlord  
  19  1:50  Drone  
  20  2:04  Queen, Metabolic Boost  
  20  2:05  Queen  
  24  2:09  Zergling x2  
  24  2:12  Zergling x2  
  26  2:16  Drone  
  26  2:18  Drone  
  29  2:22  Drone  
  29  2:26  Drone  
  30  2:32  Drone  
  31  2:43  Hatchery  
  30  2:45  Drone  
  30  2:48  Drone  
  32  2:52  Overlord  
  32  2:56  Zergling x2  
  33  2:59  Zergling x2  
  33  3:05  Queen  
  36  3:13  Drone x3  
  36  3:14  Drone  
  36  3:15  Drone  
  36  3:19  Drone  
  42  3:20  Drone  
  42  3:27  Spore Crawler  
  42  3:28  Spore Crawler  
  42  3:29  Drone  
  42  3:31  Drone  
  40  3:43  Drone x3  
  40  3:44  Drone  
  40  3:47  Drone  
  42  3:50  Drone  
  42  3:53  Drone  
  44  3:56  Drone  
  44  3:58  Drone  
  44  4:01  Drone  
  47  4:04  Overlord  
  47  4:10  Queen  
  47  4:14  Overlord  
  47  4:15  Drone  
  50  4:18  Overlord  
  50  4:23  Drone  
  50  4:24  Drone x2  
  53  4:27  Drone x2  
  53  4:28  Drone  
  53  4:30  Drone  
  57  4:32  Drone  
  57  4:33  Drone  
  57  4:35  Drone  
  60  4:39  Drone x2  
  60  4:41  Drone x2  
  60  4:44  Spore Crawler  
  63  4:45  Drone  
  63  4:49  Overlord  
  63  4:51  Drone  
  65  4:55  Drone  
  65  4:56  Drone  
  65  4:57  Drone, Roach Warren  
  65  4:58  Drone  
  66  5:00  Drone  
  66  5:04  Lair  
  66  5:05  Drone  
  68  5:07  Drone  
  68  5:11  Overlord  
  68  5:12  Drone  
  68  5:13  Drone x2  
  72  5:16  Extractor  
  72  5:17  Overlord, Extractor  
  72  5:18  Extractor  
  72  5:20  Drone x3  
  72  5:21  Drone  
  72  5:23  Overlord  
  72  5:28  Drone  
  74  5:29  Drone  
  74  5:30  Extractor  
  75  5:35  Drone x2  
  75  5:36  Drone  
  75  5:38  Hatchery  
  75  5:41  Overlord x2  
  76  5:43  Drone  
  76  5:46  Drone x2  
  79  5:50  Roach x2  
  79  5:51  Roach  
  79  5:54  Roach x2  
  79  5:56  Roach  
  90  5:58  Roach  
  90  6:03  Roach x4  
  100  6:06  Glial Reconstitution, Overlord  
  100  6:10  Overlord  
  100  6:13  Extractor  
  100  6:14  Overlord  
  100  6:17  Overlord  
  99  6:20  Roach x3  
  99  6:23  Roach  
  107  6:27  Overlord  
  107  6:29  Roach  
  107  6:30  Roach, Extractor  
  107  6:31  Extractor  
  109  6:34  Roach x2  
  109  6:36  Roach  
  109  6:39  Roach  
  117  6:41  Roach  
  117  6:46  Spire  
  118  6:47  Roach  
  118  6:50  Roach  
  118  6:51  Roach  
  124  7:03  Overlord  
  124  7:07  Roach  
  124  7:08  Roach  
  128  7:10  Roach x2  
  132  7:19  Roach  
  132  7:20  Roach x2  
  132  7:22  Hatchery  
  137  7:27  Drone x6  
  137  7:29  Drone  
  138  7:30  Drone  
  139  7:37  Overlord  
  139  7:38  Overseer  
  139  7:39  Evolution Chamber  
  139  7:40  Pneumatized Carapace  
  138  7:44  Infestation Pit  
  137  7:52  Drone  
  137  7:53  Drone x6  
  144  7:59  Extractor  
  144  8:04  Overlord  
  142  8:11  Drone x8  
  139  8:14  Overlord  
  135  8:21  Drone  
  135  8:22  Drone  
  135  8:24  Drone  
  135  8:26  Zerg Missile Weapons Level 1  
  138  8:32  Drone x3  
  138  8:33  Drone x2  
  143  8:36  Overlord  
  143  8:45  Infestor x3  
  143  8:47  Hydralisk Den  
  143  8:48  Infestor  
  150  8:54  Burrow  
  150  8:56  Hive  
  150  9:06  Evolution Chamber  
  150  9:08  Spore Crawler  
  147  9:10  Drone x3  
  147  9:13  Drone x2  
  147  9:14  Drone  
  147  9:15  Extractor  
  147  9:16  Overlord  
  149  9:22  Muscular Augments  
  149  9:31  Zerg Melee Weapons Level 1  
  149  9:32  Overlord  
  149  9:37  Hatchery  
  149  9:38  Drone x2  
  150  9:41  Hydralisk x6  
  150  9:45  Overlord  
  162  9:50  Queen  
  164  9:54  Lurker Den  
  164  9:58  Hydralisk  
  164  9:59  Hydralisk  
  167  10:04  Overlord  
  167  10:11  Hydralisk  
  167  10:12  Hydralisk x4  
  167  10:13  Hydralisk  
  161  10:15  Hydralisk  
  161  10:17  Hydralisk  
  161  10:20  Hydralisk  
  157  10:22  Hydralisk  
  157  10:25  Hydralisk x3  
  166  10:29  Ravager x8  
  166  10:31  Zergling x4  
  166  10:32  Zergling x2  
  166  10:34  Zergling x6  
  181  10:35  Ravager x2  
  181  10:36  Ravager  
  181  10:39  Zergling x2  
  181  10:40  Zergling x6  
  187  10:44  Hydralisk x2  
  187  10:48  Hydralisk  
  193  11:01  Greater Spire, Infestor x2  
  193  11:02  Adrenal Glands  
  193  11:03  Zergling x2  
  193  11:04  Zergling x16  
  197  11:15  Hydralisk x2  
  200  11:20  Zerg Missile Weapons Level 2  
  200  11:23  Hatchery  
  164  11:41  Hydralisk  
  164  11:42  Hydralisk x9  
  164  11:44  Zergling x2  
  164  11:45  Zergling x2  
  164  11:46  Zergling x2  
  171  11:50  Zergling x2  
  171  11:51  Zergling x6  
  175  11:55  Hydralisk x2  
  175  11:59  Lurker  
  175  12:00  Lurker x2  
  183  12:01  Lurker  
  183  12:02  Lurker  
  183  12:03  Lurker  
  183  12:05  Overseer x2  
  185  12:14  Corruptor x2  
  189  12:16  Corruptor  
  191  12:23  Corruptor  
  191  12:26  Corruptor  
  195  12:33  Corruptor  
  195  12:35  Spore Crawler  
  196  12:38  Overlord  
  196  12:40  Hydralisk  
  200  12:45  Overseer  
  197  12:56  Overseer  
  189  12:58  Corruptor  
  189  12:59  Corruptor x3  
  189  13:02  Overseer  
  189  13:05  Corruptor  
  188  13:11  Hydralisk x2  
  187  13:17  Hydralisk  
  187  13:18  Hydralisk  
  183  13:23  Overseer  
  183  13:25  Zergling x4  
  181  13:29  Zergling x2  
  181  13:30  Zergling x2  
  179  13:38  Hydralisk  
  181  13:42  Hydralisk  
  163  14:19  Hydralisk x8  
  163  14:22  Hydralisk  
  149  14:37  Hatchery  
  122  14:49  Lurker x4  
  126  15:04  Zergling x2  
  126  15:05  Zergling x16  
  135  15:19  Extractor  
  134  15:23  Brood Lord x2  
  134  15:27  Brood Lord  
  140  15:35  Zergling x6  
  141  15:41  Zergling x4  
  145  15:47  Zergling x2  
  145  15:48  Zergling x2  
  147  15:55  Zergling x8  
  149  16:00  Zergling x2  
  149  16:01  Zergling x4  
  148  16:15  Hydralisk x4  
  154  16:31  Hydralisk x3  
  159  16:48  Corruptor  
  159  16:51  Hatchery  
  160  16:55  Corruptor  
  162  17:03  Corruptor x2  
  166  17:09  Corruptor  
  168  17:20  Corruptor  
  168  17:21  Corruptor  
  170  17:31  Zergling x18  
Show
View Real Time Build Order
Export as new Build Order

DnS Protoss 

Build Orders: 1 Gate Expand, Oracle Opening 

Get SALT Encoding   

  12  0:00  Probe  
  13  0:12  Probe  
  14  0:22  Pylon  
  14  0:24  Probe  
  15  0:40  Probe (Chrono Boost)  
  16  0:42  Gateway  
  17  0:50  Assimilator  
  17  0:52  Probe (Chrono Boost)  
  17  0:55  Probe (Chrono Boost)  
  18  1:06  Probe (Chrono Boost)  
  19  1:15  Probe (Chrono Boost)  
  20  1:25  Nexus  
  20  1:36  Cybernetics Core  
  20  1:38  Probe  
  21  1:46  Assimilator  
  21  1:50  Probe  
  22  1:56  Pylon  
  22  2:02  Probe  
  23  2:14  Probe, Adept (Chrono Boost)  
  26  2:17  Stargate  
  26  2:27  Probe (Chrono Boost)  
  26  2:28  Warp Gate  
  27  2:31  Adept  
  27  2:36  Probe (Chrono Boost)  
  32  2:47  Probe x2 (Chrono Boost)  
  32  2:50  Probe  
  32  2:51  Probe  
  34  3:01  Oracle (Chrono Boost)  
  34  3:02  Probe  
  34  3:03  Probe  
  39  3:12  Pylon  
  39  3:14  Probe  
  39  3:15  Probe  
  41  3:27  Probe x2  
  42  3:30  Adept  
  42  3:31  Oracle (Chrono Boost)  
  46  3:37  Gateway  
  46  3:39  Probe x2  
  48  3:48  Pylon  
  48  3:49  Gateway  
  48  3:53  Probe  
  46  3:56  Probe  
  47  4:03  Assimilator  
  47  4:05  Probe  
  47  4:07  Twilight Council  
  47  4:08  Probe  
  49  4:17  Probe  
  49  4:21  Nexus, Probe  
  51  4:25  Robotics Facility  
  51  4:33  Probe  
  51  4:34  Pylon  
  51  4:36  Probe  
  53  4:44  Resonating Glaives (Chrono Boost)  
  53  4:45  Probe  
  54  4:52  Probe  
  55  4:53  Pylon  
  55  4:54  Stalker  
  58  5:00  Probe  
  58  5:04  Adept x2  
  58  5:05  Warp Prism  
  62  5:11  Gateway x2, Probe  
  63  5:14  Gateway  
  65  5:23  Gateway  
  65  5:26  Gateway  
  65  5:30  Probe x2  
  67  5:37  Adept x2  
  67  5:38  Adept  
  73  6:02  Pylon  
  73  6:03  Pylon  
  73  6:05  Pylon, Adept x3  
  73  6:06  Adept x2  
  83  6:12  Pylon  
  83  6:26  Adept x2  
  83  6:27  Adept x5  
  83  6:28  Adept  
  99  6:33  Blink  
  99  6:37  Probe x3  
  102  6:49  Probe  
  102  6:50  Pylon  
  102  6:51  Immortal (Chrono Boost)  
  102  6:52  Pylon  
  102  6:53  Probe  
  108  6:55  Assimilator  
  108  7:00  Probe  
  109  7:02  Assimilator  
  109  7:04  Sentry x3  
  109  7:05  Sentry  
  109  7:08  Probe  
  122  7:19  Probe  
  123  7:28  Stargate  
  121  7:31  Shield Battery  
  121  7:33  Stargate  
  121  7:34  Probe x2  
  121  7:35  Probe  
  120  7:38  Assimilator  
  120  7:47  Shield Battery  
  120  7:49  Shield Battery, Forge  
  120  7:50  Pylon  
  120  7:55  Stalker x2  
  116  8:07  Immortal (Chrono Boost)  
  96  8:20  Phoenix x2  
  96  8:25  Stalker x7  
  96  8:26  Stalker  
  96  8:27  Protoss Ground Weapons Level 1 (Chrono Boost)  
  116  8:37  Immortal (Chrono Boost)  
  120  8:48  Nexus  
  120  8:49  Pylon  
  120  8:50  Probe  
  120  8:51  Probe x2  
  120  8:52  Pylon  
  127  9:06  Immortal (Chrono Boost)  
  127  9:25  Stalker x5  
  127  9:26  Stalker x2, Immortal (Chrono Boost)  
  127  9:29  Zealot  
  147  9:35  Probe x3  
  150  9:40  Gateway  
  150  9:43  Gateway  
  150  9:47  Probe  
  151  9:55  Sentry  
  151  9:56  Sentry x2  
  151  9:59  Pylon x2  
  157  10:01  Pylon  
  153  10:17  Stalker x4  
  153  10:20  Protoss Ground Weapons Level 2 (Chrono Boost)  
  161  10:24  Templar Archives, Observer (Chrono Boost)  
  162  10:33  Stalker x4  
  167  10:55  Stalker x4  
  175  10:59  Stalker x4  
  175  11:00  Stalker x2  
  187  11:11  Assimilator  
  187  11:12  Assimilator  
  187  11:20  Charge (Chrono Boost)  
  187  11:22  Stalker x4  
  195  11:26  Pylon  
  195  11:30  Dark Shrine  
  187  11:37  Stalker  
  187  11:38  Stalker x4, Psionic Storm  
  159  11:52  Zealot  
  159  11:53  Protoss Ground Weapons Level 3 (Chrono Boost), Zealot x3  
  167  12:10  High Templar  
  167  12:11  High Templar  
  171  12:16  Fleet Beacon  
  171  12:29  Zealot x5  
  181  12:30  Zealot x3  
  186  12:52  Archon  
  137  13:08  Stalker x7  
  118  13:51  Pylon  
  118  13:53  Pylon  
  118  13:55  Pylon  
  100  14:24  Pylon  
  76  14:49  Pylon x2  
  76  14:51  Nexus, Pylon  
  76  14:53  Pylon  
  79  15:14  Oracle (Chrono Boost)  
  79  15:22  Void Ray (Chrono Boost)  
  83  15:39  Probe  
  71  16:37  Oracle (Chrono Boost)  
Tags
 
Add a new tag
Caveats
  • Supply blocks, unpowered buildings, or Contaminate may cause inaccurate times.
  • Supply counts are checked every 10 seconds.